BR (22 & UNDER)
SANTA CLARITA MUSIC @ YELLOWKNIFE CLAWS
07/22/2028
 
TOP OF THE 1ST
Santa Clarita Music batting - Pitching for Yellowknife Claws : LHP Lopes Ambar
Pitching: LHP Lopes Ambar
Batting: LHB Francisco Blanco 0-0: Called Strike
0-1: Ground out 5-3 (Groundball, 5)
Batting: RHB Luis Suárez 0-0: Called Strike
0-1: Ball
1-1: Foul Ball, location: 2F
1-2: Ball
2-2: Ground out U3 (Groundball, 23)
Batting: SHB Ramiro Medrano 0-0: Ball
1-0: Ball
2-0: Ball
3-0: Called Strike
3-1: Base on Balls
Batting: SHB Stan Gómez 0-0: Swinging Strike
0-1: Ball
1-1: Called Strike
1-2: Ball
2-2: Strikes out looking
Top of the 1st over - 0 run(s), 0 hit(s), 0 error(s), 1 left on base; Santa Clarita 0 - Yellowknife 0
BOTTOM OF THE 1ST
Yellowknife Claws batting - Pitching for Santa Clarita Music : RHP Marcos Féliz
Pitching: RHP Marcos Féliz
Batting: RHB Sergio Ortíz 0-0: Called Strike
0-1: Swinging Strike
0-2: Ball
1-2: Strikes out swinging
Batting: LHB Anzai Yamaguchi 0-0: Fly out, F4 (Popup, 3D)
Batting: RHB Rubén Palma 0-0: Foul Ball, location: 2F
0-1: Ground out 4-3 (Groundball, 4)
Bottom of the 1st over - 0 run(s), 0 hit(s), 0 error(s), 0 left on base; Santa Clarita 0 - Yellowknife 0
TOP OF THE 2ND
Santa Clarita Music batting - Pitching for Yellowknife Claws : LHP Lopes Ambar
Batting: RHB Tony Collier 0-0: Ball
1-0: Ground out 6-3 (Groundball, 6)
Batting: SHB Pedro Rodríguez 0-0: Ball
1-0: Ball
2-0: Ball
3-0: Base on Balls
Batting: RHB Jesús Morales 0-0: Called Strike
0-1: Ball
1-1: Fly out, F5 (Popup, 5L)
Batting: RHB Greg Grant 0-0: Ball
Pedro Rodríguez steals 2nd base
1-0: Foul Ball, location: 2F
1-1: Ground out 4-3 (Groundball, 4M)
Top of the 2nd over - 0 run(s), 0 hit(s), 0 error(s), 1 left on base; Santa Clarita 0 - Yellowknife 0
BOTTOM OF THE 2ND
Yellowknife Claws batting - Pitching for Santa Clarita Music : RHP Marcos Féliz
Batting: SHB Armondo Goro 0-0: Ball
1-0: Called Strike
1-1: Fly out, F8 (Flyball, 8RM)
Batting: RHB Carlos Uribe 0-0: Called Strike
0-1: Foul Ball, location: 2F
0-2: Strikes out swinging
Batting: RHB Noah Sturges 0-0: SINGLE (Line Drive, 56D)
Batting: RHB Mario Díaz 0-0: Ball
Noah Sturges steals 2nd base
1-0: Called Strike
1-1: Called Strike
1-2: Foul Ball, location: 2F
1-2: Strikes out swinging
Bottom of the 2nd over - 0 run(s), 1 hit(s), 0 error(s), 1 left on base; Santa Clarita 0 - Yellowknife 0
TOP OF THE 3RD
Santa Clarita Music batting - Pitching for Yellowknife Claws : LHP Lopes Ambar
Batting: RHB Adam Gentry 0-0: Foul Ball, location: 2F
0-1: Swinging Strike
0-2: Strikes out looking
Batting: LHB Francisco Blanco 0-0: Ball
1-0: Ball
2-0: Called Strike
2-1: Ball
3-1: Fly out, F9 (Flyball, 9LM)
Batting: RHB Luis Suárez 0-0: Called Strike
0-1: Ball
1-1: Foul Ball, location: 2F
1-2: Ball
2-2: Ball
3-2: SINGLE (Groundball, 34D)
Batting: SHB Ramiro Medrano 0-0: Ball
1-0: Called Strike
1-1: Ball
2-1: SINGLE (Groundball, 6MD)
Luis Suárez to second
Runner from 2nd tries for 3rd, SAFE, throw made to third
Ramiro Medrano to second
Batting: SHB Stan Gómez 0-0: Called Strike
0-1: Ball
1-1: Foul Ball, location: 2F
1-2: Ground out 1-3 (Groundball, 13)
Top of the 3rd over - 0 run(s), 2 hit(s), 0 error(s), 2 left on base; Santa Clarita 0 - Yellowknife 0
BOTTOM OF THE 3RD
Yellowknife Claws batting - Pitching for Santa Clarita Music : RHP Marcos Féliz
Batting: RHB Bob Bishop 0-0: Ball
1-0: Foul Ball, location: 2F
1-1: Swinging Strike
1-2: Fly out, F8 (Flyball, 8LM)
Batting: RHB Jeff Benson 0-0: Called Strike
0-1: Ball
1-1: Ball
2-1: Fly out, F8 (Flyball, 8RM)
Batting: RHB Sergio Ortíz 0-0: Fly out, F8 (Flyball, 8RD)
Bottom of the 3rd over - 0 run(s), 0 hit(s), 0 error(s), 0 left on base; Santa Clarita 0 - Yellowknife 0
TOP OF THE 4TH
Santa Clarita Music batting - Pitching for Yellowknife Claws : LHP Lopes Ambar
Batting: RHB Tony Collier 0-0: Ball
1-0: Ground out 5-3 (Groundball, 5)
Batting: SHB Pedro Rodríguez 0-0: Called Strike
0-1: Foul Ball, location: 2F
0-2: Strikes out swinging
Batting: RHB Jesús Morales 0-0: Called Strike
0-1: Foul Ball, location: 2F
0-2: Ball
1-2: Foul Ball, location: 2F
1-2: Ground out 1-3 (Groundball, 13S)
Top of the 4th over - 0 run(s), 0 hit(s), 0 error(s), 0 left on base; Santa Clarita 0 - Yellowknife 0
BOTTOM OF THE 4TH
Yellowknife Claws batting - Pitching for Santa Clarita Music : RHP Marcos Féliz
Batting: LHB Anzai Yamaguchi 0-0: Foul Ball, location: 2F
0-1: Foul Ball, location: 2F
0-2: Ball
1-2: Ball
2-2: Strikes out swinging
Batting: RHB Rubén Palma 0-0: Ground out 6-3 (Groundball, 6)
Batting: SHB Armondo Goro 0-0: Ball
1-0: Swinging Strike
1-1: Fly out, F8 (Flyball, 78D)
Bottom of the 4th over - 0 run(s), 0 hit(s), 0 error(s), 0 left on base; Santa Clarita 0 - Yellowknife 0
TOP OF THE 5TH
Santa Clarita Music batting - Pitching for Yellowknife Claws : LHP Lopes Ambar
Batting: RHB Greg Grant 0-0: Called Strike
0-1: Ball
1-1: Foul Ball, location: 2F
1-2: Fly out, F9 (Flyball, 89S)
Batting: RHB Adam Gentry 0-0: Ball
1-0: Ball
2-0: Called Strike
2-1: Foul Ball, location: 2F
2-2: Fly out, F8 (Flyball, 89M)
Batting: LHB Francisco Blanco 0-0: Ball
1-0: Foul Ball, location: 2F
1-1: Foul Ball, location: 2F
1-2: Fly out, F7 (Flyball, 78M)
Top of the 5th over - 0 run(s), 0 hit(s), 0 error(s), 0 left on base; Santa Clarita 0 - Yellowknife 0
BOTTOM OF THE 5TH
Yellowknife Claws batting - Pitching for Santa Clarita Music : RHP Marcos Féliz
Batting: RHB Carlos Uribe 0-0: Called Strike
0-1: Foul Ball, location: 2F
0-2: Strikes out swinging
Batting: RHB Noah Sturges 0-0: Foul Ball, location: 2F
0-1: Ball
1-1: Foul Ball, location: 2F
1-2: Fly out, F3 (Line Drive, 3)
Batting: RHB Mario Díaz 0-0: Ball
1-0: Swinging Strike
1-1: Foul Ball, location: 2F
1-2: Ball
2-2: Fly out, F8 (Flyball, 8LD)
Bottom of the 5th over - 0 run(s), 0 hit(s), 0 error(s), 0 left on base; Santa Clarita 0 - Yellowknife 0
TOP OF THE 6TH
Santa Clarita Music batting - Pitching for Yellowknife Claws : LHP Lopes Ambar
Batting: RHB Luis Suárez 0-0: Swinging Strike
0-1: Ball
1-1: Foul Ball, location: 2F
1-2: Ball
2-2: Ball
3-2: Fly out, F9 (Flyball, 9)
Pitching: LHP Luis Barrera
Batting: SHB Ramiro Medrano 0-0: Called Strike
0-1: Ball
1-1: Ball
2-1: Foul Ball, location: 2F
2-2: Ball
3-2: Strikes out swinging
Batting: SHB Stan Gómez 0-0: Ball
1-0: Swinging Strike
1-1: Called Strike
1-2: Ball
2-2: Fly out, F9 (Flyball, 9)
Top of the 6th over - 0 run(s), 0 hit(s), 0 error(s), 0 left on base; Santa Clarita 0 - Yellowknife 0
BOTTOM OF THE 6TH
Yellowknife Claws batting - Pitching for Santa Clarita Music : RHP Marcos Féliz
Batting: RHB Bob Bishop 0-0: Swinging Strike
0-1: Ball
1-1: Ball
2-1: TRIPLE (Flyball, 89M)
Batting: RHB Jeff Benson 0-0: Foul Ball, location: 2F
0-1: Foul Ball, location: 2F
0-2: Foul Ball, location: 2F
0-2: Ball
1-2: Foul Ball, location: 2F
1-2: Foul Ball, location: 2F
1-2: Fly out, F8 (Flyball, 8LM)
Runner from 3rd tags up, OUT at HOME
Batting: RHB Sergio Ortíz 0-0: Called Strike
0-1: Foul Ball, location: 2F
0-2: Foul Ball, location: 2F
0-2: Ground out 4-3 (Groundball, 4)
Bottom of the 6th over - 0 run(s), 1 hit(s), 0 error(s), 0 left on base; Santa Clarita 0 - Yellowknife 0
TOP OF THE 7TH
Santa Clarita Music batting - Pitching for Yellowknife Claws : LHP Luis Barrera
Batting: RHB Tony Collier 0-0: Called Strike
0-1: Ball
1-1: Fly out, F8 (Flyball, 8LM)
Pinch Hitting: RHB Rickey Núńez 0-0: Called Strike
0-1: Ball
1-1: Ball
2-1: SINGLE (Groundball, 6MD)
Pinch Hitting: RHB António Martínez 0-0: Swinging Strike
0-1: Fly out, F9 (Flyball, 9S)
Batting: RHB Greg Grant 0-0: Called Strike
Rickey Núńez steals 2nd base
0-1: Ball
1-1: Ball
2-1: Ball
3-1: Called Strike
3-2: Base on Balls
Pinch Hitting: RHB Jake Belcher 0-0: Ball
1-0: Ball
2-0: Ball
3-0: Called Strike
3-1: Called Strike
3-2: Foul Ball, location: 2F
3-2: SINGLE (Line Drive, 8LS)
Rickey Núńez to third
Greg Grant to second
Rickey Núńez scores
Greg Grant to third
Batting: LHB Francisco Blanco 0-0: Called Strike
Jake Belcher steals 2nd base
0-1: Foul Ball, location: 2F
0-2: Foul Ball, location: 2F
0-2: Strikes out swinging
Top of the 7th over - 1 run(s), 2 hit(s), 0 error(s), 2 left on base; Santa Clarita 1 - Yellowknife 0
BOTTOM OF THE 7TH
Yellowknife Claws batting - Pitching for Santa Clarita Music : RHP Marcos Féliz
Now at 2B: Rickey Núńez
Now at 3B: Tyler Bond
Now at SS: Sebastiăo Batissela
Batting: LHB Anzai Yamaguchi 0-0: Ball
1-0: Ball
2-0: Fly out, F5 (Line Drive, 56S)
Batting: RHB Rubén Palma 0-0: Ball
1-0: Ball
2-0: Foul Ball, location: 2F
2-1: Swinging Strike
2-2: Strikes out swinging
Batting: SHB Armondo Goro 0-0: Ball
1-0: Ground out 6-3 (Groundball, 6)
Bottom of the 7th over - 0 run(s), 0 hit(s), 0 error(s), 0 left on base; Santa Clarita 1 - Yellowknife 0
TOP OF THE 8TH
Santa Clarita Music batting - Pitching for Yellowknife Claws : LHP Luis Barrera
Batting: RHB Luis Suárez 0-0: Foul Ball, location: 2F
0-1: Swinging Strike
0-2: Ball
1-2: Strikes out swinging
Batting: SHB Ramiro Medrano 0-0: Foul Ball, location: 2F
0-1: Foul Ball, location: 2F
0-2: Ball
1-2: Fly out, F7 (Line Drive, 7)
Batting: SHB Stan Gómez 0-0: Called Strike
0-1: Ball
1-1: Foul Ball, location: 2F
1-2: Ball
2-2: Foul Ball, location: 2F
2-2: Foul Ball, location: 2F
2-2: Strikes out swinging
Top of the 8th over - 0 run(s), 0 hit(s), 0 error(s), 0 left on base; Santa Clarita 1 - Yellowknife 0
BOTTOM OF THE 8TH
Yellowknife Claws batting - Pitching for Santa Clarita Music : RHP Marcos Féliz
Batting: RHB Carlos Uribe 0-0: Called Strike
0-1: Foul Ball, location: 2F
0-2: DOUBLE (Flyball, 8RXD)
Pinch Hitting: SHB Júlio Ayala 0-0: Ground out 6-3 (Groundball, 6S)
Carlos Uribe to third
Pinch Hitting: RHB Gerardo Andrade 0-0: Ball
1-0: Ball
2-0: Ball
3-0: Base on Balls
Pitching: RHP Álex Amaya
Batting: RHB Bob Bishop 0-0: Called Strike
0-1: Ball
1-1: Called Strike
1-2: Strikes out swinging
Pinch Hitting: SHB Brock Owens 0-0: Called Strike
0-1: Ball
1-1: Ball
2-1: Called Strike
2-2: Ball
3-2: Foul Ball, location: 2F
3-2: DOUBLE (Groundball, 3L)
Carlos Uribe scores
Gerardo Andrade to third
Gerardo Andrade scores
Batting: RHB Sergio Ortíz 0-0: Swinging Strike
0-1: Called Strike
0-2: Ball
1-2: Ball
2-2: Foul Ball, location: 2F
2-2: Foul Ball, location: 2F
2-2: Foul Ball, location: 2F
2-2: Strikes out swinging
Bottom of the 8th over - 2 run(s), 2 hit(s), 0 error(s), 1 left on base; Santa Clarita 1 - Yellowknife 2
TOP OF THE 9TH
Santa Clarita Music batting - Pitching for Yellowknife Claws : LHP Luis Barrera
Pitching: RHP Armando Campos
Now at 1B: Vito Bond
Now in LF: Brock Owens
Now in RF: Gerardo Andrade
Pinch Hitting: LHB Ben Donaldson 0-0: SINGLE (Groundball, 4MD)
Pinch Runner at 1st Kel Turner:
Batting: RHB Rickey Núńez 0-0: Ball
1-0: Sac Bunt - play at first, batter OUT! 5-4
Kel Turner to second
Pinch Hitting: RHB Juan Cardenas 0-0: Ball
1-0: Foul Ball, location: 2F
1-1: Fly out, F9 (Flyball, 9S)
Batting: RHB Greg Grant 0-0: Ball
Wild Pitch!
Kel Turner to third
1-0: Ball
2-0: Ball
3-0: Called Strike
3-1: Called Strike
3-2: Base on Balls
Batting: RHB Sebastiăo Batissela 0-0: SINGLE (Groundball, 6MD)
Kel Turner scores
Greg Grant to second
Batting: LHB Francisco Blanco 0-0: Foul Ball, location: 2F
0-1: Ball
1-1: Foul Ball, location: 2F
1-2: SINGLE (Line Drive, 56)
Greg Grant to third
Sebastiăo Batissela to second
Batting: RHB Luis Suárez 0-0: Fly out, F9 (Flyball, 9)
Top of the 9th over - 1 run(s), 3 hit(s), 0 error(s), 3 left on base; Santa Clarita 2 - Yellowknife 2
BOTTOM OF THE 9TH
Yellowknife Claws batting - Pitching for Santa Clarita Music : RHP Álex Amaya
Pitching: LHP Pedro Beleza
Now at C: Juan Cardenas
Now at 3B: Josh Martin
Batting: LHB Anzai Yamaguchi 0-0: Ball
1-0: Ball
2-0: Ball
3-0: Called Strike
3-1: Ground out 4-3 (Groundball, 4)
Pitching: RHP Pat Hardy
Batting: RHB Rubén Palma 0-0: Called Strike
0-1: Swinging Strike
0-2: Ball
1-2: Ball
2-2: SINGLE (Line Drive, 9S)
Batting: SHB Armondo Goro 0-0: Ball
1-0: Ball
Rubén Palma steals 2nd base
2-0: Foul Ball, location: 2F
2-1: Called Strike
2-2: Fly out, F4 (Popup, 3D)
Batting: RHB Carlos Uribe 0-0: Ball
1-0: Ball
2-0: Foul Ball, location: 2F
2-1: Ball
3-1: Called Strike
3-2: Base on Balls
Batting: RHB Vito Bond 0-0: SINGLE (Groundball, 56D)
Rubén Palma to third
Carlos Uribe to second
Runner from 3rd tries for Home, SAFE, no throw
Tuesday, August 8th, 2017 - OOTP Baseball 17.12 Build 75